 Dungeon Crawl Stone Soup version 0.23.2-1-ga50397a (webtiles) character file.

Game seed: 1093902044554279938

123 xveg the Skirmisher (level 5, -15/57 HPs)
             Began as an Ogre Berserker on May 7, 2019.
             Was a Believer of Trog.
             Killed from afar by an orc (34 damage)
             ... with an exploding inner flame
             ... hexed by the player character
             ... on level 3 of the Dungeon.
             The game lasted 00:05:05 (1717 turns).

xveg the Skirmisher (Ogre Berserker)                Turns: 1717, Time: 00:05:07

Health: -15/57     AC:  3    Str: 22    XL:     5   Next: 7%
Magic:  0/5        EV: 10    Int:  8    God:    Trog [**....]
Gold:   122        SH:  0    Dex:  8    Spells: 4/4 levels left

rFire    . . .     SeeInvis .   n - +0 flail
rCold    . . .     Gourm    .   (no shield)
rNeg     . . .     Faith    .   b - +0 animal skin
rPois    .         Spirit   +   (helmet restricted)
rElec    .         Reflect  .   (no cloak)
rCorr    .         Harm     .   (gloves unavailable)
MR       .....                  (boots unavailable)
Stlth    +.........             i - amulet of guardian spirit
HPRegen  0.19/turn              (no ring)
MPRegen  0.09/turn              (no ring)

@: no status effects
A: large, unfitting armour, tough skin 1
a: Berserk, Trog's Hand, Renounce Religion


You were on level 3 of the Dungeon.
You worshipped Trog.
Trog was pleased with you.
You were not hungry.

You visited 1 branch of the dungeon, and saw 3 of its levels.

You collected 122 gold pieces.

Inventory:

Hand Weapons
 a - a +0 hand axe
 n - a +0 flail (weapon)
Missiles
 m - 25 sling bullets
Armour
 b - a +0 animal skin (worn)
Jewellery
 i - an amulet of guardian spirit (around neck)
Scrolls
 d - 3 scrolls of identify
 e - 4 scrolls of remove curse
 j - a scroll of magic mapping
Potions
 h - a potion of resistance
 k - a potion of agility {unknown}
Comestibles
 c - 2 rations
 g - 6 chunks of flesh


   Skills:
 + Level 5.4 Fighting
 + Level 4.6 Axes
 + Level 0.4(2.6) Maces & Flails
 - Level 2.6 Dodging
 + Level 0.3 Stealth


You had 4 spell levels left.
You didn't know any spells.
Your spell library was empty.

Dungeon Overview and Level Annotations

Branches:
Dungeon (3/15)

Altars:


Innate Abilities, Weirdness & Mutations

You are too large for most types of armour.
You have tough skin. (AC +1)


Message History

The orc is moderately wounded.
The goblin shouts!
The orc barely misses you.
You completely miss the orc.
The orc is moderately wounded.
The orc hits you.
You barely miss the orc.
The orc is moderately wounded.
The orc hits you but does no damage. x2
You barely miss the orc.
The orc is moderately wounded.
The orc hits you.
You sock the orc!
The orc explodes!
The fiery explosion engulfs the goblin!!
You kill the goblin!
Trog accepts your kill. The fiery explosion engulfs you!!
Ouch! That really hurt!
You die...

*,* *,,,,,,,,,,,,,,**,** ***
**,******,****#.****,****,******_
,,,,,,,,,,,* #.###*,,,,,,,,,,,**
*********,,* #.#..,,,,,,,,,_,,,*
*,,* #.#.#******,****,,, * *,,*
##<#.# *,**,,,,, ** *..###....##
*,**,*,** ,********..........##
*,**,*,*
,,,,,,,,,......)@§..#####.**,*,*
,********#.#...§§.#.......**,*,*
** #.....§§§..#####***,*,* *
*#..#....#..#######*<*,*
*.................#*,*,**
*....#..#....####.#*.#,,,
*********............# ##.##.#***
,,,,,,,,*#....##...#####.))#.#
*******,**.$.......#*##......####


There were no monsters in sight!

Vanquished Creatures
  3 gnolls (D:3)
  3 adders
  An ooze (D:1)
  2 worms (D:2)
  5 dart slugs
  A leopard gecko (D:2)
  An orc (D:3)
  A giant cockroach (D:1)
  4 goblins
  6 hobgoblins
  4 kobolds
  A ball python (D:2)
  7 bats
  4 frilled lizards
  7 rats
50 creatures vanquished.

Notes
Turn   | Place    | Note
-------+----------+-------------------------------------------
     0 | D:1      | xveg the Ogre Berserker began the quest for the Orb.
     0 | D:1      | Reached XP level 1. HP: 24/24 MP: 1/1
   201 | D:1      | Reached XP level 2. HP: 23/33 MP: 2/2
   591 | D:2      | Reached XP level 3. HP: 38/40 MP: 3/3
   813 | D:2      | Reached ** piety under Trog
   813 | D:2      | Reached skill level 5 in Fighting
   847 | D:2      | HP: 2/42 [adder (3)]
   852 | D:2      | Reached XP level 4. HP: 26/50 MP: 4/4
  1581 | D:3      | HP: 1/50 [gnoll (8)]
  1594 | D:3      | HP: 2/50 [gnoll (5)]
  1614 | D:3      | Reached XP level 5. HP: 13/57 MP: 5/5
  1717 | D:3      | Killed from afar by an orc

Skill      XL: |  1  2  3 |
---------------+----------+-----
Fighting       | 5 |  5.4
Axes           | 4 |  4.6
Maces & Flails | |  0.4
Dodging        | |  2.6
Stealth        | |  0.3

Action                   |  1- 3 |  4- 6 || total
-------------------------+-------+-------++-------
Melee: Hand axe          |   126 |    20 ||   146
       Flail             |       |    41 ||    41
Invok: Berserk           |       |     1 ||     1
  Use: Potion            |     1 |     3 ||     4
       Scroll            |       |     5 ||     5
 Stab: Sleeping          |       |     1 ||     1
  Eat: Ration            |       |     1 ||     1
       Chunk             |       |     1 ||     1
Armor: Animal skin       |    47 |     7 ||    54
Dodge: Dodged            |    67 |    40 ||   107
